 Dungeon Crawl Stone Soup version 0.31-a0-1612-g4aaf141004 (webtiles) character file.

Game seed: 13695856336208769487

122 bmb222 the Shield-Bearer (level 5, -2/42 HPs)
             Began as a Formicid Fighter on Jan 9, 2024.
             Slain by an orc
             ... wielding a +0 morningstar
              (6 damage)
             ... on level 3 of the Dungeon.
             The game lasted 00:01:41 (1637 turns).

bmb222 the Shield-Bearer (Formicid Fighter)         Turns: 1637, Time: 00:01:41

Health: -2/42      AC:  8    Str: 22    XL:     5   Next: 27%
Magic:  5/5        EV:  9    Int:  8    God:
Gold:   106        SH:  5    Dex: 13    Spells: 4/4 levels left

rFire   + . .        a - +0 flail
rCold   . . .        c - +0 buckler
rNeg    . . .        b - +0 scale mail
rPois   +            (helmet unavailable)
rElec   .            (no cloak)
rCorr   .            (no gloves)
SInv    +            p - +0 pair of boots
Will    .....        (no amulet) Stlth
                     m - ring of poison resistance
HPRegen 0.27/turn    f - ring of protection from fire
MPRegen 0.09/turn

%: no passive effects
@: mighty
A: permanent stasis, dig shafts and tunnels, antennae 3, four strong arms
a: Dig, Shaft Self


You were on level 3 of the Dungeon.
You visited 1 branch of the dungeon, and saw 3 of its levels.

You collected 106 gold pieces.

Inventory:

Hand Weapons
 a - a +0 flail (weapon)
 k - a +1 whip of pain
Armour
 b - a +0 scale mail (worn)
 c - a +0 buckler (worn)
 p - a +0 pair of boots (worn)
Jewellery
 f - a ring of protection from fire (right hand)
 m - a ring of poison resistance (left hand)
 o - a ring of protection from fire
Scrolls
 h - a scroll of noise {unknown}
 i - 3 scrolls of identify {unknown}
 l - a scroll of poison {unknown}
 n - a scroll of enchant weapon {unknown}
Potions
 e - 2 potions of mutation {unknown}
 g - 2 potions of degeneration {unknown}
 j - a potion of attraction {unknown}
 q - a potion of enlightenment {unknown}


   Skills:
 + Level 4.1 Fighting
 + Level 3.0 Maces & Flails
 + Level 4.2 Armour
 + Level 5.0 Shields


You had 4 spell levels left.
You didn't know any spells.
Your spell library contained the following spells:

 Spells                   Type           Power      Damage    Failure   Level
 Magic Dart               Conj           0%         1d3       80%         1
 Call Imp                 Summ           0%         N/A       90%         2
 Ensorcelled Hibernation  Hex/Ice        0%         N/A       90%         2
 Passwall                 Erth           0%         N/A       99%         3
 Blink                    Tloc           Unusable   N/A       N/A         2
 Swiftness                Air            Unusable   N/A       N/A         3

Dungeon Overview and Level Annotations

Branches:
Dungeon (3/15)

Altars:


Innate Abilities, Weirdness & Mutations

You cannot be hasted, slowed, berserked, paralysed or teleported.
You can dig through walls and to a lower floor.
You have a pair of large antennae on your head. (SInv)
Your four strong arms can wield two-handed weapons with a shield.


Message History

The orc barely misses you.
You hit the orc priest.
The orc priest is lightly wounded.
The orc barely misses you.
The orc priest hits you but does no damage.
The orc hits you with a +0 morningstar.
You sock the orc priest!
The orc priest is almost dead.
The orc barely misses you.
The orc priest invokes the aid of Beogh against you.
Pain shoots through your body! The orc hits you with a +0 morningstar.
You hit the orc priest but do no damage.
The orc priest is almost dead.
The orc hits you but does no damage.
The orc priest mumbles some strange prayers to Beogh against you.
Beogh smites you! You block the orc's attack. The orc barely misses you.
The orc priest hits you but does no damage.
The orc barely misses you.
You hit the orc priest.
You kill the orc priest!
You block the orc's attack. The orc completely misses you.
Your Maces & Flails skill increases to level 3!
Your Shields skill increases to level 5!
You have reached level 5!
You barely miss the orc. The orc hits you with a +0 club.
The orc hits you with a +0 morningstar!
* * * LOW HITPOINT WARNING * * *
Unknown command.
You closely miss the orc. The orc barely misses you.
The orc closely misses you. The orc barely misses you.
The orc hits you with a +0 club.
* * * LOW HITPOINT WARNING * * *
Unknown command.
You feel very mighty all of a sudden. The orc hits you with a +0 club.
* * * LOW HITPOINT WARNING * * *
The orc closely misses you.
You barely miss the orc. The orc hits you but does no damage.
The orc hits you with a +0 morningstar.
You die...

#.........#
#.........#
#......!..#
#.........#
#...<..<..#
#.........#
#.........######
+.......oo......
#.†.....@)##
#......$..#
#.######### { #.
#. ##


You could see 2 orcs.

Vanquished Creatures
  An orc priest (D:3)
  A gnoll (D:2)
  3 adders (D:2)
  2 dart slugs (D:2)
  5 ball pythons
  7 bats
  5 endoplasms
  3 giant cockroaches
  4 goblins
  4 hobgoblins
  4 jackals
  3 quokkas
  A kobold (D:2)
  3 rats (D:2)
46 creatures vanquished.

Notes
Turn   | Place    | Note
-------+----------+-------------------------------------------
     0 | D:1      | bmb222 the Formicid Fighter began the quest for the Orb.
     0 | D:1      | Reached XP level 1. HP: 18/18 MP: 1/1
    92 | D:1      | Reached XP level 2. HP: 24/24 MP: 2/2
   487 | D:1      | Reached XP level 3. HP: 29/29 MP: 3/3
   954 | D:2      | Identified the +0 robe of Instinct {rC++ Str+3}
   988 | D:2      | Reached XP level 4. HP: 37/37 MP: 4/4
  1634 | D:3      | Reached skill level 5 in Shields
  1634 | D:3      | Reached XP level 5. HP: 21/42 MP: 5/5
  1637 | D:3      | Slain by an orc

Illustrated notes

Levels and vault maps discovered:
D:1:      lemuel_arrival_river_bridge, layout_loops_ring
D:2:      layout_loops_cross, mrwooster_statue_mirror, st_stairs_11
D:3:      layout_basic, fedhas_altar_3, shapermc_ecumenical_altar_gd, uniq_ijyb,
          uniq_jessica, uniq_grinder

Skill      XL: |  1  2  3  4 |
---------------+-------------+-----
Armour         | 4 |  4.2
Fighting       | 4 |  4.1
Maces & Flails | 3 |  3.0
Shields        | 5 |  5.0

Action                     |  1- 3 |  4- 6 || total
---------------------------+-------+-------++-------
  Melee: Flail             |    77 |    65 ||   142
    Use: Potion            |       |     1 ||     1
 Armour: Scale mail        |    50 |    52 ||   102
  Dodge: Dodged            |    44 |    35 ||    79
  Block: Buckler           |    29 |    25 ||    54

Table legend: (Time is in decaauts)
 A = Elapsed time spent in this place.
 B = Non-inter-level travel time spent in this place.
 C = Inter-level travel time spent in this place.
 D = Time resting spent in this place.
 E = Time spent auto-exploring this place.
 F = Levels seen in this place.
 G = Mean time per level.
                   A        B        C        D        E       F      G
               +--------+--------+--------+--------+--------+-----+--------+
         Total |   1684 |   1628 |     56 |      0 |   1251 |   3 |  561.3 |
       Dungeon |   1684 |   1628 |     56 |      0 |   1251 |   3 |  561.3 |
               +--------+--------+--------+--------+--------+-----+--------+

Top non-repeatable levels by time:
     D:2: 888 daAuts
     D:1: 772 daAuts
     D:3: 23 daAuts
